Map: Incorporeal LE

Players

Melkor - Winner!

  • Race: Protoss Protoss
  • League: Master
  • Spawn Location: 5:00

migelitos

  • Race: Zerg Zerg
  • League: Master
  • Spawn Location: 11:00

VOD

Have the link to the VOD?

Description

Time

  • Played on: July 14, 2025, 8:05 a.m.
  • Length: 10:11
Show
View Real Time Build Order
Export as new Build Order

Melkor Protoss - Winner!

Build Orders: Cannon Rush 

Get SALT Encoding   

  12  0:01  Probe  
  13  0:09  Probe  
  14  0:19  Pylon  
  14  0:20  Probe  
  15  0:37  Probe  
  15  0:40  Forge  
  16  0:53  Probe, Pylon  
  17  1:02  Probe  
  18  1:24  Photon Cannon  
  18  1:26  Photon Cannon  
  18  1:32  Photon Cannon  
  18  1:39  Pylon  
  18  1:41  Pylon  
  18  1:55  Nexus  
  18  2:03  Probe  
  19  2:09  Photon Cannon  
  19  2:16  Pylon  
  19  2:18  Probe  
  20  2:29  Gateway  
  20  2:32  Probe  
  21  2:46  Photon Cannon  
  21  2:49  Probe  
  22  2:59  Probe  
  22  3:00  Photon Cannon  
  23  3:07  Probe  
  23  3:09  Assimilator  
  23  3:10  Probe  
  25  3:17  Pylon  
  25  3:27  Cybernetics Core  
  25  3:36  Probe  
  25  3:40  Probe  
  25  3:41  Assimilator  
  27  3:46  Pylon  
  27  3:48  Probe  
  28  3:53  Probe  
  28  3:59  Photon Cannon  
  28  4:05  Probe x2  
  30  4:13  Shield Battery  
  30  4:16  Shield Battery  
  30  4:17  Probe  
  30  4:19  Probe  
  32  4:25  Shield Battery  
  32  4:27  Zealot  
  32  4:31  Probe  
  35  4:34  Pylon  
  35  4:42  Probe, Pylon  
  36  4:50  Probe  
  37  4:57  Stargate  
  37  5:08  Pylon  
  37  5:14  Shield Battery  
  37  5:15  Photon Cannon  
  36  5:23  Pylon  
  36  5:24  Pylon  
  36  5:29  Photon Cannon  
  36  5:33  Pylon  
  36  5:36  Void Ray  
  36  5:38  Gateway  
  40  5:49  Photon Cannon  
  40  5:53  Pylon  
  40  6:02  Probe x2  
  42  6:08  Twilight Council  
  42  6:14  Probe, Photon Cannon  
  42  6:15  Probe  
  44  6:21  Void Ray  
  44  6:25  Gateway  
  44  6:26  Probe  
  49  6:38  Probe  
  49  6:39  Probe  
  51  6:42  Warp Gate  
  51  6:45  Forge  
  51  6:50  Probe  
  51  6:51  Assimilator  
  51  6:52  Assimilator  
  51  6:53  Probe  
  53  6:55  Robotics Facility  
  53  7:02  Probe  
  53  7:06  Void Ray  
  53  7:08  Probe  
  59  7:20  Shield Battery  
  59  7:37  Charge  
  59  7:38  Warp Prism  
  59  7:42  Void Ray  
  63  7:45  Probe  
  63  7:50  Probe  
  67  7:59  Protoss Ground Weapons Level 1  
  67  8:04  Probe x2  
  69  8:05  Nexus  
  69  8:16  Probe  
  68  8:27  Probe  
  69  8:28  Probe  
  69  8:33  Void Ray  
  74  8:35  Dark Shrine  
  74  8:39  Probe, Zealot x2  
  74  8:40  Probe  
  80  8:45  Immortal  
  80  8:54  Probe  
  81  8:58  Probe  
  81  8:59  Photon Cannon  
  82  9:06  Probe  
  83  9:13  Gateway  
  83  9:14  Void Ray, Gateway  
  83  9:15  Zealot x2  
  87  9:17  Gateway  
  91  9:25  Gateway  
  91  9:49  Probe  
  91  9:50  Probe  
  91  9:52  Probe, Pylon  
  98  9:53  Zealot x2  
  98  9:54  Pylon  
Show
View Real Time Build Order
Export as new Build Order

migelitos Zerg 

Build Orders: Hatch First 

Get SALT Encoding   

  12  0:00  Drone  
  13  0:10  Drone  
  14  0:17  Overlord  
  14  0:35  Drone x2  
  14  0:36  Drone  
  17  0:52  Hatchery  
  17  0:54  Drone  
  17  0:58  Drone  
  18  1:13  Spawning Pool  
  18  1:14  Extractor  
  17  2:02  Hatchery  
  17  2:06  Roach Warren  
  17  2:07  Drone  
  17  2:08  Drone x2, Extractor  
  17  2:23  Overlord  
  17  2:33  Queen  
  19  2:41  Drone x2  
  21  2:55  Drone  
  22  3:30  Roach  
  22  3:31  Drone x2  
  26  3:36  Hatchery  
  25  3:45  Roach x3  
  31  4:12  Overlord x3  
  31  4:13  Overlord x2  
  31  4:32  Ravager x4  
  35  4:49  Drone x4  
  39  4:54  Roach  
  39  4:55  Queen  
  43  5:20  Roach x2  
  43  5:21  Roach  
  33  6:05  Roach x2  
  33  6:06  Roach  
  33  6:10  Roach x3  
  33  6:11  Roach x4  
  51  6:43  Roach x5  
  59  6:57  Lair  
  59  7:00  Spore Crawler  
  56  7:02  Spore Crawler  
  51  7:17  Roach x5  
  45  7:29  Ravager x2  
  41  7:30  Ravager x3  
  38  7:44  Drone x4  
  38  7:45  Drone x4  
  43  7:59  Hydralisk Den  
  43  8:01  Spore Crawler  
  43  8:02  Spore Crawler  
  43  8:03  Spore Crawler  
  39  8:08  Extractor  
  39  8:11  Extractor  
  37  8:17  Spine Crawler x2  
  37  8:18  Spore Crawler  
  34  8:23  Spore Crawler  
  34  8:24  Spore Crawler  
  32  8:29  Hydralisk x6  
  32  8:30  Hydralisk x2  
  46  8:42  Drone x3  
  49  9:11  Overlord  
  49  9:12  Overlord x3  
  49  9:38  Drone  
  49  9:41  Overlord  
  49  9:42  Overlord  
Tags
 
Add a new tag
Caveats
  • Supply blocks, unpowered buildings, or Contaminate may cause inaccurate times.
  • Supply counts are checked every 10 seconds.